 Dungeon Crawl Stone Soup version 0.16-a0-1009-g0339a9e (webtiles) character file.

146 Qrupt the Magician (level 5, -1/31 HPs)
             Began as a High Elf Wizard on Oct 3, 2014.
             Slain by Grinder (8 damage)
             ... on Level 3 of the Dungeon.
             The game lasted 00:09:44 (3930 turns).

Qrupt the Magician (High Elf Wizard)                Turns: 3930, Time: 00:09:57

HP  -1/31        AC  2     Str  6      XL: 5   Next:  7%
MP   2/16        EV 12     Int 23      God:
Gold 184         SH  0     Dex 13      Spells:  4 memorised,  3 levels left

rFire  . . .     SeeInvis .     j - +0 short sword
rCold  . . .     Clarity  .     a - +0 robe
rNeg   . . .     rCorr    .     (no shield)
rPois  .         rRot     .     b - +0 hat
rElec  .         Spirit   .     (no cloak)
SustAb .         Warding  .     (no gloves)
rMut   .         Stasis   .     (no boots)
Gourm  .                        (no amulet)
MR     .....                    (no ring)
                                (no ring)

@: not resistant to hostile enchantments, unstealthy
A: no striking features
a: no special abilities


You were on level 3 of the Dungeon.
You were very hungry.

You visited 1 branch of the dungeon, and saw 4 of its levels.

You collected 184 gold pieces.

Inventory:

Hand weapons
 j - a +0 short sword (weapon)
Armour
 a - a +0 robe (worn)
 b - a +0 hat (worn)
Comestibles
 d - 3 bread rations
 m - 4 fruits
 p - 2 beef jerkies
 w - a meat ration
Scrolls
 e - a scroll of fog {unknown}
 f - a scroll of immolation {unknown}
 h - 4 scrolls of identify {unknown}
 i - 3 scrolls of enchant weapon {unknown}
 n - a scroll of amnesia {unknown}
 q - a scroll of noise {unknown}
 u - a scroll of remove curse {unknown}
 v - 2 scrolls of magic mapping {unknown}
 x - a scroll of fear {unknown}
 y - a scroll of teleportation {unknown}
Jewellery
 k - a +6 ring of evasion {unknown}
Potions
 g - 2 potions of curing {unknown}
 l - a potion of brilliance {unknown}
 o - a potion of mutation {unknown}
 r - a potion of flight {unknown}
 s - a potion of cure mutation {unknown}
 t - 2 potions of haste {unknown}
 z - a potion of might {unknown}
 A - a potion of agility {unknown}
Books
 c - a book of Minor Magic

   Spells                             Type                      Level
   *Magic Dart                        Conjuration                  1
   *Blink                             Translocation                2
   Call Imp                           Summoning                    2
   Repel Missiles                     Charms/Air                   2
   Slow                               Hexes                        2
   *Conjure Flame                     Conjuration/Fire             3
   *Mephitic Cloud                    Conjuration/Poison/Air       3


   Skills:
 - Level 2.1 Dodging
 - Level 2.1 Stealth
 - Level 4.2 Spellcasting
 + Level 2.7 Conjurations
   Level 0.8 Summonings
 - Level 3.8 Translocations
 + Level 1.1 Fire Magic


You had 3 spell levels left.
You knew the following spells:

 Your Spells              Type           Power        Failure   Level  Hunger
a - Magic Dart            Conj           ###.         3%          1    None
b - Blink                 Tloc           N/A          3%          2    None
c - Conjure Flame         Conj/Fire      ##......     17%         3    ###....
d - Mephitic Cloud        Conj/Pois/Air  #.......     24%         3    ###....


Dungeon Overview and Level Annotations

Branches:
Dungeon (4/15)
 Temple: D:4-7

Altars:

Annotations:
D:3 Grinder


Message History

The gnoll hits you from afar with a spear.
Casting: Magic Dart
Confirm with . or Enter, or press ? or * to list all spells.
Aiming: Magic Dart
Press: ? - help, Shift-Dir - straight line, f/p - gnoll
Aim: a gnoll, wielding a spear (severely wounded)
The magic dart hits the gnoll.
The gnoll is severely wounded.
The gnoll hits you from afar with a spear!
Casting: Magic Dart
Confirm with . or Enter, or press ? or * to list all spells.
You don't have enough magic to cast that spell.
There is a stone staircase leading up here.
The gnoll hits you from afar with a spear.
* * * LOW HITPOINT WARNING * * *
You climb upwards.
Level annotation: Grinder You are feeling very hungry.
Grinder hits you!
You die...

#.# #.# #..# #.# #. #.# #.#
#..# #.# #.
#.####.#####..#####.###.
####.......................
#...................#..###.
#.########.#######...#.###.
#.# #.######...###.##) #.#
#.#...#...## ##... #.#
#@#.#....## ##.# #.#
#5#...#...## ##..# #.#
#.##.###...###.#.# #.#
#.##.# ##...#.##.. #.#
#.##.#####........ #.#
###.##.............. #.#
#.......######.##### #.#
#.####### #.#### #.# #.#
#....#


You could see Grinder.

Vanquished Creatures
  5 adders
  2 gnolls (D:4)
  3 worms (D:2)
  A giant gecko (D:3)
  2 oozes
  2 orcs
  3 giant cockroaches
  8 goblins
  4 hobgoblins
  4 jackals
  9 kobolds
  A quokka (D:3)
  7 bats
  4 giant newts
  4 rats
59 creatures vanquished.

Notes
Turn   | Place    | Note
--------------------------------------------------------------
     0 | D:1      | Qrupt, the High Elf Wizard, began the quest for the Orb.
     0 | D:1      | Reached XP level 1. HP: 11/11 MP: 5/5
   357 | D:1      | Reached XP level 2. HP: 17/17 MP: 4/7
   556 | D:1      | Reached skill level 4 in Spellcasting
   815 | D:1      | Learned a level 2 spell: Blink
  1231 | D:2      | Reached XP level 3. HP: 16/21 MP: 2/11
  2031 | D:2      | Reached XP level 4. HP: 11/27 MP: 2/14
  2888 | D:3      | Noticed Grinder
  3340 | D:3      | Learned a level 3 spell: Conjure Flame
  3344 | D:3      | Learned a level 3 spell: Mephitic Cloud
  3854 | D:4      | Reached skill level 1 in Fire Magic
  3854 | D:4      | Reached XP level 5. HP: 31/31 MP: 2/16
  3930 | D:3      | Slain by Grinder

Action                   |  1- 3 |  4- 6 || total
-------------------------+-------+-------++-------
Melee: Unarmed           |    12 |       ||    12
       Short sword       |    10 |     3 ||    13
 Cast: Magic Dart        |   106 |    93 ||   199
       Conjure Flame     |       |     1 ||     1
       Blink             |       |     1 ||     1
  Eat: Chunk             |     3 |     5 ||     8
